[Event "ICC tourney 2086 (3 2)"]
[Site "Internet Chess Club"]
[Date "2020.10.30"]
[Round "6"]
[White "garfield92037"]
[Black "chessrex"]
[Result "0-1"]
[ICCResult "White checkmated"]
[WhiteElo "1472"]
[BlackElo "1848"]
[Opening "Philidor: Philidor counter-gambit"]
[ECO "C41"]
[NIC "KP.08"]
[Time "21:04:12"]
[TimeControl "180+2"]

1. e4 e5 2. Nf3 d6 3. d4 f5 4. exf5 e4 5. Nfd2 Nf6 6. Nc3 Bxf5 7. Bc4 d5 8.
Bb3 c6 9. O-O Bd6 10. Re1 Bxh2+ 11. Kxh2 Ng4+ 12. Kg1 Qh4 13. Ndxe4 dxe4 14.
Nxe4 Qh2+ 15. Kf1 Qh1+ 16. Ke2 Qxg2 17. Nd6+ Kd7 18. Nxf5 Qxf2+ 19. Kd3
Qxf5+ 20. Kc3 Qa5+ 21. Kc4 b5+ 22. Kd3 Nf2+ 23. Ke2 Nxd1 24. Kxd1 Rf8 25.
Be3 Kc7 26. c3 Nd7 27. Kc2 Rae8 28. Rad1 Qb6 29. Rd3 Nf6 30. d5 c5 31. d6+
Kd7 32. c4 b4 33. Ba4+ Kd8 34. Bxe8 Rxe8 35. d7 Re7 36. Red1 Qc6 37. Bg5 h6
38. Bh4 g5 39. Be1 Rxd7 40. Rxd7+ Nxd7 41. Bg3 Qe4+ 42. Kc1 Qe3+ 43. Rd2
Qxg3 44. Kc2 Kc7 45. Rd3 Qf2+ 46. Kb3 g4 47. Ka4 Nb6+ 48. Kb5 Qf4 49. Rd5
Qxc4+ 50. Ka5 Qxd5 51. b3 g3 52. a4 bxa3 53. Kb5 Qxb3+ 54. Ka6 a2 55. Kxa7
a1=Q# {White checkmated} 0-1

[Event "ICC tourney 2086 (3 2)"]
[Site "Internet Chess Club"]
[Date "2020.10.30"]
[Round "6"]
[White "ama2024"]
[Black "mangomaster"]
[Result "1-0"]
[ICCResult "Black forfeits on time"]
[WhiteElo "1328"]
[BlackElo "1377"]
[Opening "Queen's pawn, Mason variation"]
[ECO "D00"]
[NIC "QP.08"]
[Time "21:04:06"]
[TimeControl "180+2"]

1. d4 d5 2. Bf4 Nf6 3. e3 e6 4. Nf3 Bd6 5. Bg3 Nbd7 6. Bd3 O-O 7. Nbd2 b6 8.
Ne5 Bxe5 9. dxe5 Ne8 10. Qh5 g6 11. Qh6 Ng7 12. Nf3 Re8 13. Ng5 Nf8 14. Bh4
Qd7 15. Nf3 Nf5 16. Bxf5 exf5 17. Bf6 Ne6 18. Ng5 {Black forfeits on time}
1-0

[Event "ICC tourney 2086 (3 2)"]
[Site "Internet Chess Club"]
[Date "2020.10.30"]
[Round "6"]
[White "Priccchess"]
[Black "Sherlockm7"]
[Result "1-0"]
[ICCResult "Black resigns"]
[WhiteElo "1466"]
[BlackElo "1293"]
[Opening "French defense"]
[ECO "C00"]
[NIC "FR.01"]
[Time "21:03:32"]
[TimeControl "180+2"]

1. e4 e6 2. Nf3 d5 3. exd5 exd5 4. d4 Bd6 5. Bd3 Ne7 6. h3 Nbc6 7. O-O Be6
8. c3 Qd7 9. Re1 O-O-O 10. Ne5 Nxe5 11. dxe5 Bc5 12. b4 Bb6 13. a4 c6 14. a5
Bc7 15. Be3 Kb8 16. f4 h6 17. Qe2 g5 18. fxg5 hxg5 19. Bxg5 Rdg8 20. h4 d4
21. c4 Bg4 22. Qf2 Be6 23. Nd2 Nf5 24. Ne4 Bxe5 25. Nc5 Qd6 26. Rxe5 Qxe5
27. Bf4 Qxf4 28. Qxf4+ Ka8 29. Bxf5 Bxf5 30. Qxf5 Rg7 31. Qd7 Rb8 32. Re1 b6
33. Qxc6+ {Black resigns} 1-0

[Event "ICC tourney 2086 (3 2)"]
[Site "Internet Chess Club"]
[Date "2020.10.30"]
[Round "6"]
[White "Purushottam123"]
[Black "saisiva765"]
[Result "0-1"]
[ICCResult "White checkmated"]
[WhiteElo "1415"]
[BlackElo "1775"]
[Opening "Queen's pawn, Mason variation"]
[ECO "D00"]
[NIC "QP.08"]
[Time "21:04:01"]
[TimeControl "180+2"]

1. d4 d5 2. Bf4 Bf5 3. e3 e6 4. c4 Nf6 5. Nf3 Bxb1 6. Rxb1 Bb4+ 7. Ke2 dxc4
8. Qa4+ Nc6 9. Ne5 Nd5 10. Nxc6 Qd7 11. a3 Be7 12. Qxc4 bxc6 13. Bg3 O-O 14.
e4 Nb6 15. Qd3 Rfd8 16. Rd1 c5 17. dxc5 Qa4 18. Qb1 Rxd1 19. Qxd1 Qxe4+ 20.
Kd2 Rd8+ 21. Kc1 Rxd1+ 22. Kxd1 Bxc5 23. Bb5 Qb1+ 24. Ke2 Qxh1 25. Bxc7 Qc1
26. b4 Bxf2 27. Be5 Qe3+ 28. Kd1 Qxe5 29. Bd3 Qd4 30. Kc2 Nc4 31. Be2 Be1
32. Kb3 Nb6 33. Bf3 Qc3+ 34. Ka2 Na4 35. Bd1 Qb2# {White checkmated} 0-1

[Event "ICC tourney 2086 (3 2)"]
[Site "Internet Chess Club"]
[Date "2020.10.30"]
[Round "6"]
[White "oxdidi"]
[Black "blackjack721"]
[Result "0-1"]
[ICCResult "White resigns"]
[WhiteElo "1086"]
[BlackElo "1280"]
[Opening "Scandinavian: Pytel-Wade variation"]
[ECO "B01"]
[NIC "SD.02"]
[Time "21:04:26"]
[TimeControl "180+2"]

1. e4 d5 2. exd5 Qxd5 3. Nc3 Qd6 4. d4 Bf5 5. Nf3 a6 6. Bc4 Nd7 7. O-O Ngf6
8. Re1 O-O-O 9. h3 Bg6 10. a4 Qc6 11. b3 Nb6 12. Bd3 e5 13. Nxe5 Qxc3 14.
Nxg6 hxg6 15. Bd2 Qxd4 16. Be3 Qb4 17. Bd2 Qd6 18. Bc3 Be7 19. Bxf6 Bxf6 20.
Qg4+ Kb8 21. Qf3 Bxa1 22. Rxa1 f5 23. Rd1 Qf6 24. a5 Nd5 25. Bc4 c6 26. Bxd5
cxd5 27. Rxd5 Rxd5 28. Qxd5 Qa1+ 29. Kh2 Qc3 30. Qd6+ Ka8 31. Qxg6 Qe5+ 32.
Kh1 f4 33. Kh2 f3+ 34. Kg1 fxg2 35. Kxg2 Qd5+ 36. Kf1 Qd1+ 37. Kg2 Qd5+ 38.
Kf1 Rxh3 39. Qe8+ Ka7 40. Qg6 Rh1+ 41. Ke2 Qd1+ 42. Ke3 Rh3+ 43. Kf4 Qf3+
44. Ke5 Rh5+ 45. Kd4 Qxf2+ 46. Kc3 Qe3+ 47. Kb2 Rb5 48. Qxg7 Qe5+ 49. Qxe5
Rxe5 50. Ka3 Rxa5+ 51. Kb4 Re5 52. Kc4 Kb6 53. b4 a5 54. bxa5+ Rxa5 55. Kd4
Kc6 56. c4 Ra4 57. Kc3 Kc5 58. Kd2 Rxc4 59. Ke2 Rd4 60. Kf1 Kc4 61. Kg1 Kc3
62. Kh1 Rd2 63. Kg1 b5 64. Kf1 b4 65. Kg1 b3 {White resigns} 0-1

[Event "ICC tourney 2086 (3 2)"]
[Site "Internet Chess Club"]
[Date "2020.10.30"]
[Round "6"]
[White "ChessItUpIowa"]
[Black "chessw23"]
[Result "0-1"]
[ICCResult "White checkmated"]
[WhiteElo "1649"]
[BlackElo "1672"]
[Opening "Queen's bishop game"]
[ECO "D00"]
[NIC "QP.08"]
[Time "21:03:35"]
[TimeControl "180+2"]

1. d4 d5 2. Bf4 Nf6 3. Nf3 e6 4. h3 Bd6 5. Bxd6 Qxd6 6. e3 O-O 7. Bd3 c5 8.
c3 Nc6 9. O-O e5 10. dxe5 Nxe5 11. Bc2 Be6 12. Nbd2 Nxf3+ 13. Nxf3 Qb6 14.
b3 Rfd8 15. Qb1 h6 16. Rd1 Qc7 17. b4 b6 18. bxc5 bxc5 19. Qc1 Qa5 20. Bb1
Rab8 21. Nd2 Kh8 22. a4 Rb7 23. Nf3 Rdb8 24. g4 Rb3 25. g5 hxg5 26. Nxg5
Qxc3 27. Ba2 Qxc1 28. Raxc1 Ra3 29. Rd2 c4 30. f4 Rxa4 31. f5 Bxf5 32. Nxf7+
Kg8 33. Ne5 Be6 34. Nc6 Rb6 35. Nd4 Kf7 36. Rf2 Rba6 37. Bb1 Ra1 38. Rff1
Ke7 39. Nxe6 Rxe6 40. Bf5 Rxc1 41. Rxc1 Rxe3 42. Rd1 c3 43. Kf2 Re5 44. Bc2
a5 45. Ra1 Ne4+ 46. Bxe4 Rxe4 47. Rxa5 c2 48. Ra1 Rc4 49. Rc1 d4 50. Ke2 Rc3
51. Kd2 Rxh3 52. Re1+ Re3 53. Rxe3+ dxe3+ 54. Kxc2 Ke6 55. Kd3 Kd5 56. Kxe3
Ke5 57. Kf3 Kf5 58. Kg3 Kg5 59. Kf3 Kh4 60. Kg2 Kg4 61. Kf2 Kh3 62. Kg1 Kg3
63. Kh1 g5 64. Kg1 g4 65. Kh1 Kf2 66. Kh2 g3+ 67. Kh1 g2+ 68. Kh2 g1=Q+ 69.
Kh3 Qg3# {White checkmated} 0-1

[Event "ICC tourney 2086 (3 2)"]
[Site "Internet Chess Club"]
[Date "2020.10.30"]
[Round "7"]
[White "blackjack721"]
[Black "jthebest"]
[Result "1-0"]
[ICCResult "Black resigns"]
[WhiteElo "1291"]
[BlackElo "1195"]
[Opening "Two knights defense"]
[ECO "C55"]
[NIC "IG.01"]
[Time "21:34:52"]
[TimeControl "180+2"]

1. e4 e5 2. Nf3 Nc6 3. Bc4 Nf6 4. O-O Bc5 5. d3 O-O 6. c3 d6 7. Bg5 h6 8.
Bh4 Be6 9. Bb5 a6 10. Ba4 Qd7 11. d4 exd4 12. cxd4 Bb6 13. d5 Bg4 14. dxc6
bxc6 15. Nbd2 Bxf3 16. Nxf3 Nxe4 {Black resigns} 1-0

[Event "ICC tourney 2086 (3 2)"]
[Site "Internet Chess Club"]
[Date "2020.10.30"]
[Round "7"]
[White "atjn494"]
[Black "MehPlayer"]
[Result "0-1"]
[ICCResult "White checkmated"]
[WhiteElo "1301"]
[BlackElo "1508"]
[Opening "Trompowsky attack (Ruth, Opocenský opening)"]
[ECO "A45"]
[NIC "QP.07"]
[Time "21:34:18"]
[TimeControl "180+2"]

1. d4 Nf6 2. Bg5 Ne4 3. Bf4 d5 4. f3 Nd6 5. e4 dxe4 6. Nc3 exf3 7. Nxf3 Bg4
8. Bd3 Nc6 9. O-O Nxd4 10. h3 Nxf3+ 11. Rxf3 Bxf3 12. Qxf3 e6 13. Rd1 Be7
14. Bb5+ c6 15. Bxc6+ bxc6 16. Qxc6+ Kf8 17. Nb5 Qb6+ 18. Qxb6 axb6 19. Nxd6
Bxd6 20. Bxd6+ Ke8 21. Ba3 Rd8 22. Rxd8+ Kxd8 23. Kf2 Kc7 24. b3 Rd8 25. Bb2
Rd2+ 26. Kf3 Rxc2 27. Bxg7 Rxa2 28. Be5+ Kc6 29. g4 Ra3 30. Kf4 Rxb3 31. h4
Rb4+ 32. Kg5 h6+ 33. Kh5 Rb5 34. Kxh6 Rxe5 35. Kg7 Re4 36. h5 Rxg4+ 37. Kxf7
Rh4 38. Kg6 b5 39. h6 b4 40. Kg7 b3 41. h7 b2 42. h8=Q Rxh8 43. Kxh8 b1=Q
44. Kg7 e5 45. Kf6 e4 46. Ke5 e3 47. Kd4 e2 48. Kc4 e1=Q 49. Kd4 Qee4+ 50.
Kc3 Qbc2# {White checkmated} 0-1

[Event "ICC tourney 2086 (3 2)"]
[Site "Internet Chess Club"]
[Date "2020.10.30"]
[Round "7"]
[White "stephenwilly"]
[Black "Purushottam123"]
[Result "1-0"]
[ICCResult "Black checkmated"]
[WhiteElo "1529"]
[BlackElo "1398"]
[Opening "Sicilian: Kan, 5.Nc3"]
[ECO "B43"]
[NIC "SI.41"]
[Time "21:34:20"]
[TimeControl "180+2"]

1. e4 c5 2. Nf3 e6 3. d4 cxd4 4. Nxd4 a6 5. Nc3 Qc7 6. a3 Nf6 7. Be3 Nc6 8.
Bc4 Bc5 9. Nxc6 Bxe3 10. fxe3 Qxc6 11. Bd3 O-O 12. O-O Qb6 13. Qf3 Qxb2 14.
e5 Qxc3 15. exf6 d5 16. fxg7 Qxg7 17. Qh5 e5 18. Bf5 e4 19. Rad1 Be6 20. Rf4
Bxf5 21. Rxf5 Kh8 22. Rdxd5 Rad8 23. Rxd8 Rxd8 24. Rxf7 Qg8 25. Qe5+ Qg7 26.
Qxg7# {Black checkmated} 1-0

[Event "ICC tourney 2086 (3 2)"]
[Site "Internet Chess Club"]
[Date "2020.10.30"]
[Round "7"]
[White "Sherlockm7"]
[Black "oxdidi"]
[Result "1-0"]
[ICCResult "Black checkmated"]
[WhiteElo "1317"]
[BlackElo "1084"]
[Opening "King's Indian: Sämisch variation"]
[ECO "E80"]
[NIC "KI.48"]
[Time "21:34:29"]
[TimeControl "180+2"]

1. d4 Nf6 2. c4 g6 3. Nc3 Bg7 4. e4 d6 5. f3 Nbd7 6. Be3 O-O 7. Qd2 b6 8.
Bd3 Bb7 9. Nge2 Re8 10. O-O-O a5 11. h4 c5 12. d5 Qc7 13. g4 Rab8 14. Nb5
Qd8 15. h5 a4 16. hxg6 fxg6 17. Nf4 Ra8 18. Ne6 Qc8 19. Bh6 Bxh6 20. Qxh6
Ne5 21. Qg7# {Black checkmated} 1-0

[Event "ICC tourney 2086 (3 2)"]
[Site "Internet Chess Club"]
[Date "2020.10.30"]
[Round "7"]
[White "chessw23"]
[Black "chessrex"]
[Result "1/2-1/2"]
[ICCResult "Game drawn by mutual agreement"]
[WhiteElo "1679"]
[BlackElo "1841"]
[Opening "Philidor: López counter-gambit"]
[ECO "C41"]
[NIC "KP.10"]
[Time "21:34:19"]
[TimeControl "180+2"]

1. e4 e5 2. Nf3 d6 3. Bc4 f5 4. d3 c6 5. Nc3 f4 6. d4 Qf6 7. dxe5 dxe5 8. h3
Be7 9. a3 Be6 10. Bxe6 Qxe6 11. b3 Nd7 12. Bb2 O-O-O 13. Qe2 h6 14. O-O-O g5
15. Kb1 Ngf6 16. Rd2 Nb6 17. Rhd1 Rxd2 18. Rxd2 Rd8 19. Rxd8+ Bxd8 20. Qd3
Bc7 21. Ne2 Nbd7 22. b4 Qd6 23. g3 Qxd3 24. cxd3 Nh5 25. g4 Ng7 26. h4 Ne6
27. hxg5 Nxg5 28. Nxg5 hxg5 29. d4 Kd8 30. Kc2 Ke7 31. Kd3 Ke6 32. f3 Bb6
33. dxe5 Nxe5+ 34. Bxe5 Kxe5 35. Nc3 a5 36. b5 Kd6 37. Kc4 Be3 38. a4 Bd2
39. Ne2 Be3 40. Nc3 Bd2 41. Nd1 Be1 42. Nb2 Bf2 43. Nd3 Be3
{Game drawn by mutual agreement}
1/2-1/2

[Event "ICC tourney 2086 (3 2)"]
[Site "Internet Chess Club"]
[Date "2020.10.30"]
[Round "7"]
[White "Ani97829"]
[Black "Priccchess"]
[Result "0-1"]
[ICCResult "White forfeits on time"]
[WhiteElo "1391"]
[BlackElo "1472"]
[Opening "Queen's pawn, Mason variation"]
[ECO "D00"]
[NIC "QP.08"]
[Time "21:34:18"]
[TimeControl "180+2"]

1. d4 d5 2. Bf4 e6 3. e3 Bd6 4. Bg3 Nf6 5. Nf3 O-O 6. Nbd2 h6 7. c3 Re8 8.
Bd3 Nc6 9. Bc2 e5 10. O-O e4 11. Ne1 Bxg3 12. fxg3 Ng4 13. Qe2 Qg5 14. Bb3
Qxe3+ 15. Qxe3 Nxe3 16. Rf2 Ng4 17. Rf1 Be6 18. Nc2 a5 19. a3 f5 20. Rae1
Rad8 21. Rf4 g5 22. Rff1 Rf8 23. h3 Nf6 24. Rf2 Nh5 25. g4 fxg4 26. hxg4 Nf4
27. Ref1 Bxg4 28. g3 Nh3+ 29. Kg2 Rxf2+ 30. Rxf2 Nxf2 31. Kxf2 Rf8+ 32. Kg2
Ne7 33. c4 c6 34. cxd5 cxd5 35. Nxe4 Bf3+ {White forfeits on time} 0-1

[Event "ICC tourney 2086 (3 2)"]
[Site "Internet Chess Club"]
[Date "2020.10.30"]
[Round "7"]
[White "javasri"]
[Black "garfield92037"]
[Result "0-1"]
[ICCResult "White resigns"]
[WhiteElo "1663"]
[BlackElo "1503"]
[Opening "Sicilian defense"]
[ECO "B20"]
[NIC "SI.48"]
[Time "21:34:25"]
[TimeControl "180+2"]

1. e4 c5 2. c4 Nc6 3. Nf3 e6 4. Nc3 g6 5. d4 cxd4 6. Nxd4 d6 7. Be3 Bg7 8.
Qd2 Nf6 9. Be2 O-O 10. f3 Re8 11. Ndb5 d5 12. O-O dxe4 13. fxe4 a6 14. Nd6
Re7 15. Nxc8 Rxc8 16. Rad1 Rd7 17. Qc1 Ne5 18. Bg5 Rxd1 19. Rxd1 Qb6+ 20.
Be3 Qc7 21. b3 Qc6 22. Bf3 Nxf3+ 23. gxf3 Nd7 24. Qd2 Ne5 25. Kg2 Bf6 26.
Qd6 Qxd6 27. Rxd6 Nxc4 28. bxc4 Bxc3 29. Rb6 Rxc4 30. Rxb7 Rb4 31. Ra7 Rb2+
32. Kh3 Rxa2 33. Bh6 f5 34. exf5 exf5 35. Kg3 Be5+ 36. f4 Ra3+ 37. Kf2 Bd4+
38. Ke2 Bxa7 {White resigns} 0-1

[Event "ICC tourney 2086 (3 2)"]
[Site "Internet Chess Club"]
[Date "2020.10.30"]
[Round "7"]
[White "Jett503"]
[Black "yogokings12"]
[Result "1-0"]
[ICCResult "Black resigns"]
[WhiteElo "1307"]
[BlackElo "1537"]
[Opening "Sicilian: dragon variation"]
[ECO "B70"]
[NIC "SI.15"]
[Time "21:34:19"]
[TimeControl "180+2"]

1. e4 c5 2. Nf3 d6 3. d4 cxd4 4. Nxd4 Nf6 5. Nc3 g6 6. Bd3 Nc6 7. Nxc6 bxc6
8. O-O Bg7 9. a3 O-O 10. Ne2 e6 11. Rb1 d5 12. e5 Ng4 13. f4 Qb6+ 14. Kh1
Nf2+ 15. Rxf2 Qxf2 16. Ng3 c5 17. b3 h5 18. c3 h4 19. Rb2 hxg3 20. Rxf2 gxf2
21. Qf3 Bb7 22. Qxf2 Rfd8 23. Be3 c4 24. bxc4 dxc4 25. Be2 Be4 26. h4 Bd3
27. Kh2 Bxe2 28. Qxe2 Rd3 29. Bd4 Bh6 30. Qe4 Rb8 31. g3 Rd2+ 32. Kh3 Rbb2
33. Qf3 Rh2+ 34. Kg4 Bf8 35. Kg5 Kg7 36. Bg1 Be7+ 37. Kg4 Rhg2 38. Be3 Bxa3
39. Qc6 Rge2 40. Bxa7 Be7 41. Qxc4 Re3 42. Bxe3 Rh2 43. Kf3 Rh3 44. Bf2 Bxh4
45. Qf1 Rh2 46. Qg1 Bxg3 47. Bxg3 Rh5 48. Qc5 Rf5 49. Qd4 {Black resigns}
1-0

[Event "ICC tourney 2086 (3 2)"]
[Site "Internet Chess Club"]
[Date "2020.10.30"]
[Round "7"]
[White "drberkley"]
[Black "ChessItUpIowa"]
[Result "1-0"]
[ICCResult "Black checkmated"]
[WhiteElo "1538"]
[BlackElo "1591"]
[Opening "Robatsch (modern) defense"]
[ECO "B06"]
[NIC "KF.06"]
[Time "21:34:19"]
[TimeControl "180+2"]

1. e4 g6 2. Nc3 Bg7 3. f4 d6 4. Nf3 Nd7 5. d4 c5 6. Be3 b6 7. Be2 Ngf6 8. e5
Ng4 9. Bg1 O-O 10. h3 Nh6 11. Bf2 f5 12. Ng5 Nb8 13. Bf3 e6 14. Bxa8 d5 15.
dxc5 bxc5 16. Bxc5 Qc7 17. Bxf8 Bxf8 18. O-O Nc6 19. Bxc6 Qxc6 20. Kh1 Bb7
21. Qf3 Qb6 22. Qf2 d4 23. Ne2 Bc5 24. Qe1 Qc6 25. Nf3 Qe4 26. Nexd4 Bxd4
27. Qxe4 fxe4 28. Nxd4 Nf5 29. Nxf5 exf5 30. Rad1 e3 31. Rd8+ Kg7 32. Rd7+
Kh6 33. Rxb7 e2 34. Re1 a5 35. Rxe2 Kh5 36. c4 Kh4 37. c5 Kg3 38. c6 a4 39.
c7 a3 40. bxa3 g5 41. Rb8 h5 42. c8=Q g4 43. Qc3+ Kh4 44. g3+ Kxh3 45. Rh2#
{Black checkmated}
1-0

[Event "ICC tourney 2086 (3 2)"]
[Site "Internet Chess Club"]
[Date "2020.10.30"]
[Round "7"]
[White "lucachesschess"]
[Black "PearsonH"]
[Result "1-0"]
[ICCResult "Black forfeits on time"]
[WhiteElo "1427"]
[BlackElo "1432"]
[Opening "French: advance variation"]
[ECO "C02"]
[NIC "FR.03"]
[Time "21:34:19"]
[TimeControl "180+2"]

1. e4 e6 2. d4 d5 3. e5 c5 4. c3 Nc6 5. f4 Qb6 6. Nf3 cxd4 7. cxd4 Nge7 8.
g4 h5 9. gxh5 Nf5 10. Nc3 Nfxd4 11. Nxd4 Qxd4 12. Qf3 Bb4 13. Bd2 Qb6 14. a3
Bxc3 15. Bxc3 d4 16. Bb4 Nxb4 17. axb4 Qxb4+ 18. Kd1 Qxb2 19. Rc1 Bd7 20.
Rc7 Ba4+ 21. Ke1 Qb4+ 22. Kf2 Bc6 23. Rxc6 bxc6 24. Qxc6+ Ke7 25. Qc7+ Kf8
26. Bg2 Re8 27. Bc6 Qd2+ 28. Kg3 Qe3+ 29. Kg4 Qe2+ 30. Kg3 Qe3+ 31. Kg4 Qe2+
32. Kg3 Qd3+ 33. Kg4 Qf5+ 34. Kg3 Qd3+ 35. Kg4 Qe2+ 36. Bf3 Qb2 37. Bc6
{Black forfeits on time}
1-0

[Event "ICC tourney 2086 (3 2)"]
[Site "Internet Chess Club"]
[Date "2020.10.30"]
[Round "7"]
[White "msuarez"]
[Black "ama2024"]
[Result "1-0"]
[ICCResult "Black forfeits on time"]
[WhiteElo "1338"]
[BlackElo "1288"]
[Opening "French: advance, Euwe variation"]
[ECO "C02"]
[NIC "FR.03"]
[Time "21:34:50"]
[TimeControl "180+2"]

1. e4 e6 2. d4 d5 3. e5 c5 4. c3 Nc6 5. Nf3 Bd7 6. Be3 Qb6 7. Qd2 Nh6 8. Be2
Nf5 9. O-O cxd4 10. Bxd4 Bc5 11. Bxc5 Qxc5 12. Qg5 O-O 13. h3 Nfe7 14. Nbd2
Ng6 15. Nb3 Qb6 16. Rab1 h6 17. Qh5 Nf4 18. Qg4 Nxe2+ 19. Kh1 f6 20. Nh4
Nxe5 21. Qxe2 Bb5 22. Qc2 Bxf1 23. Rxf1 Qb5 24. Kg1 Qd3 25. Qc1 Rac8 26. Nd4
Rc4 27. Qf4 Re8 28. Qg3 Nc6 29. Qxd3 Nxd4 30. cxd4 Rec8 31. Ng6 Kf7 32. Nf4
Rc2 33. Qb3 R8c7 34. Re1 g5 35. Nxe6 Kg6 36. Qxd5 Re7 37. Qe4+
{Black forfeits on time}
1-0

[Event "ICC tourney 2086 (3 2)"]
[Site "Internet Chess Club"]
[Date "2020.10.30"]
[Round "7"]
[White "saisiva765"]
[Black "Tombstone"]
[Result "0-1"]
[ICCResult "White forfeits on time"]
[WhiteElo "1754"]
[BlackElo "1691"]
[Opening "Queen's pawn, Mason variation"]
[ECO "D00"]
[NIC "QP.08"]
[Time "21:34:54"]
[TimeControl "180+2"]

1. d4 d5 2. Bf4 Nf6 3. e3 c5 4. c3 Nc6 5. Nf3 e6 6. Nbd2 Bd6 7. Bg3 O-O 8.
Bd3 b6 9. O-O Bxg3 10. hxg3 Bb7 11. e4 dxe4 12. Nxe4 cxd4 13. cxd4 Nb4 14.
Nxf6+ Qxf6 15. Ne5 Rfd8 16. Bb1 Nc6 17. Qh5 g6 18. Ng4 Qxd4 19. Qg5 Kg7 20.
Be4 Na5 21. Bxb7 Nxb7 22. Rac1 Rd5 23. Qh6+ Kg8 24. Ne3 Rh5 25. Qf4 Qxf4 26.
gxf4 Rc5 27. Rxc5 Nxc5 28. b4 Nd3 29. Rd1 Nxb4 30. a3 Nc6 31. Rd7 Rd8 32.
Rc7 Nd4 33. Rxa7 Ne2+ 34. Kh2 Nxf4 35. g3 Nd5 36. Ng4 Kg7 37. Ne5 Rf8 38. a4
Kg8 39. Kh3 f6 40. Ng4 Rc8 41. Nh6+ Kh8 42. Nf7+ Kg8 43. Nh6+ Kh8 44. Nf7+
Kg7 45. Ng5+ Kg8 46. Nxe6 Re8 47. Nd4 Re7 48. Rxe7 Nxe7 49. Kg4 Nd5 50. Kf3
Nc3 {White forfeits on time} 0-1

[Event "ICC tourney 2086 (3 2)"]
[Site "Internet Chess Club"]
[Date "2020.10.30"]
[Round "7"]
[White "Kinawa"]
[Black "mangomaster"]
[Result "1-0"]
[ICCResult "Black resigns"]
[WhiteElo "1465"]
[BlackElo "1342"]
[Opening "Sicilian: accelerated fianchetto, Maróczy bind, 6.Be3"]
[ECO "B38"]
[NIC "SI.33"]
[Time "21:34:18"]
[TimeControl "180+2"]

1. e4 c5 2. Nf3 Nc6 3. d4 cxd4 4. Nxd4 g6 5. Be3 Bg7 6. c4 Nxd4 7. Bxd4 Nf6
8. Nc3 d6 9. Be2 O-O 10. O-O Be6 11. Rc1 Nd7 12. Bxg7 Kxg7 13. Qd4+ Kg8 14.
Nd5 Bxd5 15. cxd5 a5 16. Rc3 Nc5 17. Rfc1 Rc8 18. Bg4 Rc7 19. e5 dxe5 20.
Qxe5 Nd3 21. Qxc7 Qxc7 22. Rxc7 Nxc1 23. Rxc1 Rd8 24. Bf3 Kg7 25. Rc7 Kf6
26. Rxb7 e6 27. dxe6 Kxe6 28. g3 Rd2 29. Bg4+ f5 30. Bf3 Ke5 31. Rb5+ Ke6
32. Rxa5 Rxb2 33. a4 Rb1+ 34. Kg2 Ra1 35. Ra7 Kd6 36. a5 Kc5 37. a6 Kb5 38.
Bb7 Kb6 39. Ra8 h6 40. Rf8 Ra5 41. Rf6+ Ka7 42. Rxg6 h5 43. Rg5 Ra4 44. Rxf5
h4 45. gxh4 Rxh4 46. Kg3 Rh6 47. h4 Rg6+ 48. Rg5 Rf6 49. f4 Rb6 50. Kg4 Rb4
51. h5 Rd4 52. h6 Rd8 53. h7 Rh8 54. Rg7 Kb6 55. f5 Ka7 56. f6 Kb6 57. Kg5
Ka7 58. Kg6 Kb6 59. Rg8 Rxh7 60. Kxh7 Ka7 61. f7 Kb6 62. f8=Q Ka7 63. Qb8+
Kb6 64. Rg6+ Kc5 65. Qe5+ Kc4 66. Rg4+ {Black resigns} 1-0

[Event "ICC tourney 2086 (3 2)"]
[Site "Internet Chess Club"]
[Date "2020.10.30"]
[Round "8"]
[White "drberkley"]
[Black "saisiva765"]
[Result "0-1"]
[ICCResult "White resigns"]
[WhiteElo "1531"]
[BlackElo "1761"]
[Opening "French: Steinitz, Boleslavsky variation"]
[ECO "C11"]
[NIC "FR.04"]
[Time "21:45:35"]
[TimeControl "180+2"]

1. e4 e6 2. Nc3 d5 3. d4 Nf6 4. e5 Nfd7 5. f4 c5 6. Nf3 Nc6 7. Be3 Qb6 8.
Na4 Qa5+ 9. c3 cxd4 10. b4 Qc7 11. Nxd4 a6 12. Nxc6 Qxc6 13. Qd2 Qxa4 14.
Bd3 Qc6 15. O-O g6 16. Rae1 Bg7 17. f5 exf5 18. Bg5 O-O 19. Bxf5 Nxe5 20.
Bxc8 Raxc8 21. Qf4 Nd3 {White resigns} 0-1

[Event "ICC tourney 2086 (3 2)"]
[Site "Internet Chess Club"]
[Date "2020.10.30"]
[Round "8"]
[White "Ani97829"]
[Black "Jeffchess"]
[Result "1-0"]
[ICCResult "Black checkmated"]
[WhiteElo "1429"]
[BlackElo "1363"]
[Opening "Queen's pawn"]
[ECO "A40"]
[NIC "QO.17"]
[Time "21:45:31"]
[TimeControl "180+2"]

1. d4 c6 2. Bf4 e6 3. e3 d5 4. Nf3 Bd6 5. Bg3 Bxg3 6. hxg3 a5 7. Nbd2 Nf6 8.
c3 Nbd7 9. Bd3 c5 10. a3 c4 11. Bc2 b5 12. e4 a4 13. e5 Ng8 14. Rxh7 Rxh7
15. Bxh7 Nh6 16. Bc2 f5 17. exf6 Nxf6 18. Qe2 Qe7 19. Bg6+ Nf7 20. Ne5 Kf8
21. Bxf7 Bd7 22. Nxd7+ Qxd7 23. Bg6 Qd6 24. Qe5 Qe7 25. O-O-O Ra7 26. Qb8+
Ne8 27. Bxe8 Rb7 28. Qf4+ Kxe8 29. Re1 b4 30. cxb4 Rc7 31. Qe5 Rc6 32. Qb8+
Kf7 33. Qf4+ Kg8 34. b5 Rc7 35. Qe5 Kh8 36. Qxe6 Qf8 37. Rh1# {Black
checkmated} 1-0

[Event "ICC tourney 2086 (3 2)"]
[Site "Internet Chess Club"]
[Date "2020.10.30"]
[Round "8"]
[White "jthebest"]
[Black "oxdidi"]
[Result "0-1"]
[ICCResult "White resigns"]
[WhiteElo "1168"]
[BlackElo "1102"]
[Opening "Giuoco Piano: four knights variation"]
[ECO "C50"]
[NIC "IG.02"]
[Time "21:45:37"]
[TimeControl "180+2"]

1. e4 e5 2. Nf3 Nc6 3. Bc4 Bc5 4. Nc3 Nf6 5. O-O d6 6. d3 h6 7. Be3 Bb6 8.
Qd2 Bg4 9. h3 Bxf3 10. gxf3 Qe7 11. Rad1 O-O-O 12. Na4 Kb8 13. a3 Qd7 14. b4
Qxh3 15. b5 Nd4 16. Bxd4 Bxd4 17. Bxf7 Qxf3 18. Rde1 Qg4+ 19. Kh1 Qh3+ 20.
Kg1 Ng4 {White resigns} 0-1

[Event "ICC tourney 2086 (3 2)"]
[Site "Internet Chess Club"]
[Date "2020.10.30"]
[Round "8"]
[White "lucachesschess"]
[Black "ChessItUpIowa"]
[Result "1-0"]
[ICCResult "Black resigns"]
[WhiteElo "1441"]
[BlackElo "1546"]
[Opening "Robatsch (modern) defense"]
[ECO "A40"]
[NIC "KF.05"]
[Time "21:45:37"]
[TimeControl "180+2"]

1. d4 g6 2. e4 Bg7 3. Nf3 Nf6 4. e5 Ng4 5. h3 Nh6 6. Bf4 O-O 7. Bc4 d5 8.
Bb3 f6 9. O-O e6 10. exf6 Rxf6 11. Be5 Rf8 12. c4 c6 13. Nc3 Nd7 14. Qd2
Nxe5 15. dxe5 Nf7 16. cxd5 exd5 17. Rfe1 Re8 18. Qf4 Qc7 19. Rad1 Nxe5 20.
Bxd5+ cxd5 21. Nxd5 Nxf3+ 22. Qxf3 Rxe1+ 23. Rxe1 Qf7 24. Ne7+ Kh8 25. Qxf7
{Black resigns}
1-0

[Event "ICC tourney 2086 (3 2)"]
[Site "Internet Chess Club"]
[Date "2020.10.30"]
[Round "8"]
[White "yogokings12"]
[Black "Kinawa"]
[Result "1/2-1/2"]
[ICCResult "Game drawn by repetition"]
[WhiteElo "1534"]
[BlackElo "1468"]
[Opening "Caro-Kann: Steinitz variation"]
[ECO "B17"]
[NIC "CK.05"]
[Time "21:45:49"]
[TimeControl "180+2"]

1. e4 c6 2. d4 d5 3. Nc3 dxe4 4. Nxe4 Nd7 5. Ng5 Ngf6 6. Bd3 e6 7. N1f3 Bd6
8. O-O h6 9. Ne4 Nxe4 10. Bxe4 Nf6 11. Bd3 O-O 12. c3 b6 13. Be3 Bb7 14. Nd2
Rc8 15. Ne4 Nxe4 16. Bxe4 Rc7 17. Bc2 Qh4 18. g3 Qf6 19. Qd3 g6 20. Bxh6 Re8
21. Be3 c5 22. f4 c4 23. Qd2 Bd5 24. Bd1 Kg7 25. Bf3 Rh8 26. Bxd5 exd5 27.
Rae1 Re7 28. Qf2 Rhe8 29. Bd2 Qf5 30. Bc1 Re4 31. Rxe4 Qxe4 32. a3 b5 33.
Bd2 Qc2 34. Bc1 Qe4 35. Qg2 Qf5 36. Qf2 Qe4 {Game drawn by repetition}
1/2-1/2